 Dungeon Crawl Stone Soup version 0.29.0-11-gd7f09526c8 (webtiles) character file.

Game seed: 283613105617314661

2228 xian the Cleaver (level 9, -2/81 HPs)
             Began as a Grey Draconian Gladiator on Sept 2, 2022.
             Was a Priest of Nemelex Xobeh.
             Slain by an orc warrior
             ... wielding a +0 glaive
              (14 damage)
             ... in a bailey on Sept 3, 2022.
             The game lasted 00:22:41 (8641 turns).

xian the Cleaver (Grey Draconian Gladiator)         Turns: 8641, Time: 00:22:42

Health: -2/81      AC: 14    Str: 22    XL:     9   Next: 14%
Magic:  9/9        EV: 14    Int:  6    God:    Nemelex Xobeh [***...]
Gold:   565        SH:  0    Dex: 12    Spells: 8/8 levels left

rFire   + . .      SeeInvis .   G - +2 demon blade (elec)
rCold   x . .      Faith    .   (no shield)
rNeg    . . .      Spirit   .   (body armour unavailable)
rPois   +          Reflect  .   m - +2 hat
rElec   +          Harm     .   (no cloak)
rCorr   +          Rampage  .   (no gloves)
Will    .....                   (no boots)
Stlth   +++.......              z - amulet of magic regeneration
HPRegen 0.23/turn               A - ring of poison resistance
MPRegen 0.51/turn               o - ring "Recen" {Fire rElec rCorr Int-2 Stlth+}

@: invisible
A: AC +12, amphibious, unfitting armour, cold-blooded, stinger 1, sense
surroundings 1, robust 1, wild magic 1
a: Renounce Religion, Draw Escape, Draw Destruction, Draw Summoning, Triple Draw


You were in a bailey.
You worshipped Nemelex Xobeh.
Nemelex Xobeh was most pleased with you.
You visited 1 branch of the dungeon, and saw 8 of its levels.
You also visited: Sewer and Bailey.

You collected 565 gold pieces.

Inventory:

Hand Weapons
 a - a +0 war axe
 y - a +1 sling of freezing
 G - a +2 demon blade of electrocution (weapon)
Missiles
 b - 19 boomerangs (quivered)
 c - 3 throwing nets
 d - a javelin
 w - 5 boomerangs of dispersal
Armour
 m - a +2 hat (worn)
 u - the -1 pair of boots "Jilyxuna" {+Blink rCorr Slay-2}
   (You found it on level 3 of the Dungeon)

   Slay:      It affects your accuracy & damage with ranged weapons and melee
   (-2).
   +Blink:    It lets you blink.
   rCorr:     It protects you from acid and corrosion.
Jewellery
 o - the ring "Recen" (right hand) {Fire rElec rCorr Int-2 Stlth+}
   (You acquired it on level 6 of the Dungeon)

   [ring of fire]

   It enhances your fire magic.
   Int:       It affects your intelligence (-2).
   rF:        It protects you from fire.
   rC:        It makes you vulnerable to cold.
   rElec:     It insulates you from electricity.
   rCorr:     It protects you from acid and corrosion.
   Stlth:     It makes you more stealthy.
 z - an amulet of magic regeneration (around neck)
 A - a ring of poison resistance (left hand)
 B - a ring of wizardry
 E - a ring of resist corrosion
Wands
 n - a wand of polymorph (10)
 r - a wand of flame (6)
Scrolls
 h - a scroll of immolation
 i - a scroll of vulnerability
 l - 4 scrolls of teleportation
 v - a scroll of butterflies
 x - 2 scrolls of poison
 C - a scroll of enchant weapon
Potions
 e - a potion of resistance
 f - 2 potions of invisibility
 g - 2 potions of curing
 k - 2 potions of cancellation
 p - a potion of haste
 s - a potion of ambrosia
 t - 2 potions of lignification
 D - a potion of brilliance


   Skills:
 + Level 5.6 Fighting
 * Level 2.9 Long Blades
 - Level 8.5 Axes
 + Level 3.2 Throwing
 + Level 5.6 Dodging
 + Level 3.3 Stealth


You had 8 spell levels left.
You didn't know any spells.
Your spell library contained the following spells:

 Spells                   Type           Power      Damage    Failure   Level
 Beastly Appendage        Tmut           0%         N/A       54%         1
 Magic Dart               Conj           0%         1d3       54%         1
 Searing Ray              Conj           0%         2d4       67%         2
 Wereblood                Tmut           0%         N/A       67%         2
 Confusing Touch          Hex            0%         N/A       88%         3
 Spider Form              Tmut/Pois      0%         N/A       88%         3
 Fulminant Prism          Conj/Hex       0%         3d6       99%         4
 Yara's Violent Unravell  Hex/Tmut       0%         3d3       100%        5
 Enfeeble                 Hex            0%         N/A       100%        7


Dungeon Overview and Level Annotations

Branches:
Dungeon (8/15)             Temple (0/1) D:6           Sewer (visited)
 Bailey (1/1)
   Lair: D:8-11

Altars:
Cheibriados
Dithmenos
Fedhas
Makhleb
Nemelex Xobeh
Okawaru
Ru
Uskayaw
Wu Jian

Annotations:
D:6 3 runed translucent doors, Jase's ghost, novice OgGl; pesado's ghost, amateur GrEE
D:7 3 runed translucent doors, Iusername's ghost, novice MiFi


Innate Abilities, Weirdness & Mutations

Your dull iron-grey scales are very hard. (AC +12)
You are amphibious.
You cannot fit into any form of body armour.
You are cold-blooded and may be slowed by cold attacks.
Your tail ends in a venomous barb.
You passively map a small area around you.
You are robust. (+10% HP)
Your spells are a little harder to cast, but a little more powerful.


Message History

The orc closely misses you. The orc hits you but does no damage.
The orc warrior closely misses you.
You hit the orc warrior but do no damage.
The orc warrior is moderately wounded.
The orc misses you. The orc hits you but does no damage.
The orc warrior hits you with a +0 spear.
* * * LOW HITPOINT WARNING * * *
You feel better.
The orc warrior hits you but does no damage.
The orc closely misses you. The orc hits you but does no damage.
Unknown command.
You slash the orc warrior!
The orc warrior is almost dead.
The orc misses you.
An orc comes into view. It is wielding a +0 halberd.
The orc warrior closely misses you. The orc barely misses you.
The orc misses you. The orc warrior barely misses you.
The orc closely misses you.
You closely miss the orc warrior.
The orc warrior is almost dead.
The orc barely misses you. The orc misses you.
The orc warrior hits you with a +0 spear.
* * * LOW HITPOINT WARNING * * *
You closely miss the orc warrior.
The orc warrior is almost dead.
The orc hits you but does no damage.
The orc warrior hits you but does no damage.
You barely miss the orc warrior.
The orc warrior is almost dead.
The orc warrior closely misses you. The orc hits you with a +0 halberd.
* * * LOW HITPOINT WARNING * * *
You fade into invisibility!
The orc warrior looks more healthy.
The orc warrior misses you. The orc barely misses you.
The orc closely misses you. The orc warrior barely misses you.
Unknown command.
The orc closely misses you.
The orc warrior hits you with a +0 glaive!
You die...
Your body disappears without a glow.

#≈≈≈≈≈≈≈#....#≈≈≈≈...♣
#≈≈≈....#o...#......♣
#≈≈................♣♣
#♣..♣.♣.......♣♣.###
♣♣......(.....♣.#
###............#
##....oo....##
#..........#
#♣.@oo.∩..♣#
♣..o)....♣ ♣♣......♣♣
♣♣♣♣♣♣♣♣


You could see 2 orc warriors and 4 orcs.

Vanquished Creatures
  Maggie (D:6)
  A black bear (D:5)
  3 orc warriors (Bailey)
  2 sky beasts
  2 kobold brigands (Sewer)
  A bullfrog (D:7)
  5 scorpions
  3 howler monkeys (D:7)
  A jelly (D:4)
  4 hounds
  An orc priest (D:7)
  Ijyb (D:4)
  2 orc wizards (D:5)
  A mummy (D:7)
  7 gnolls
  9 adders
  3 river rats (Sewer)
  2 shadow imps
  4 white imps
  2 worms
  A dart slug (D:2)
  14 orcs
  4 endoplasms
  3 giant cockroaches
  6 goblins
  7 hobgoblins
  6 jackals
  6 quokkas
  9 ball pythons
  3 bats
  5 frilled lizards
  11 kobolds
  8 rats
138 creatures vanquished.

Vanquished Creatures (collateral kills)
  A water moccasin (D:7)
  A hound (D:7)
  An orc priest (D:7)
  A white imp (D:7)
  3 orcs (D:7)
7 creatures vanquished.

Vanquished Creatures (others)
  18 plants (Sewer)
18 creatures vanquished.

Grand Total: 163 creatures vanquished

Notes
Turn   | Place    | Note
-------+----------+-------------------------------------------
     0 | D:1      | xian the Draconian Gladiator began the quest for the Orb.
     0 | D:1      | Reached XP level 1. HP: 17/17 MP: 1/1
   157 | D:1      | Reached XP level 2. HP: 19/24 MP: 2/2
  1136 | D:2      | Reached XP level 3. HP: 30/30 MP: 3/3
  1277 | D:2      | Found a faded altar of an unknown god.
  1285 | D:2      | Prayed at the altar of an unknown god.
  1285 | D:2      | Became a worshipper of Nemelex Xobeh the Trickster
  1285 | D:2      | Reached * piety under Nemelex Xobeh
  1285 | D:2      | Received a gift from Nemelex Xobeh
  1840 | D:3      | Found a glowing drain.
  1860 | Sewer    | Entered a sewer
  1879 | Sewer    | Reached skill level 4 in Axes
  1886 | Sewer    | Reached XP level 4. HP: 13/37 MP: 4/4
  2197 | Sewer    | Noticed a kobold brigand
  2208 | Sewer    | Killed a kobold brigand
  2209 | Sewer    | Reached XP level 5. HP: 25/44 MP: 5/5
  2647 | Sewer    | Reached skill level 5 in Axes
  3088 | Sewer    | Gained mutation: You have hidden genetic potential. [potion
                  | of mutation]
  3088 | Sewer    | Gained mutation: Your spells are a little harder to cast,
                  | but a little more powerful. [potion of mutation]
  3088 | Sewer    | Gained mutation: You passively map a small area around you.
                  | [potion of mutation]
  3179 | D:3      | Reached XP level 6. HP: 49/51 MP: 6/6
  3334 | D:3      | Found a sparkling altar of Nemelex Xobeh.
  3340 | D:3      | Found a burning altar of Makhleb.
  3401 | D:3      | Found a shadowy altar of Dithmenos.
  3511 | D:4      | You fall into a shaft and drop 1 floor!
  3511 | D:5      | Entered Level 5 of the Dungeon
  3536 | D:5      | Reached ** piety under Nemelex Xobeh
  3932 | D:5      | Gained mutation: Your tail ends in a venomous barb. [hidden
                  | potential]
  4129 | D:5      | Reached skill level 6 in Axes
  4129 | D:5      | Reached skill level 1 in Stealth
  4129 | D:5      | Your scales start taking on a dull iron-grey colour.
  4129 | D:5      | Reached XP level 7. HP: 45/58 MP: 7/7
  4321 | D:4      | Found a blossoming altar of Fedhas.
  4418 | D:4      | Gained mutation: You are robust. (+10% HP) [hidden
                  | potential]
  4418 | D:4      | Lost mutation: You have hidden genetic potential. [hidden
                  | potential expressed]
  4518 | D:4      | Noticed Grinder
  4534 | D:4      | Noticed Grinder
  4534 | D:4      | Grinder changed into Grinder the white imp
  4536 | D:4      | Killed Grinder the white imp
  4876 | D:4      | Noticed Ijyb
  4885 | D:4      | Killed Ijyb
  5381 | D:3      | Identified the -1 pair of boots "Jilyxuna" {+Blink rCorr
                  | Slay-2}
  5457 | D:3      | Received a gift from Nemelex Xobeh
  5784 | D:5      | Found an iron altar of Okawaru.
  5793 | D:5      | Reached skill level 7 in Axes
  6249 | D:6      | Found a staircase to the Ecumenical Temple.
  6280 | D:6      | Reached XP level 8. HP: 59/73 MP: 8/8
  6281 | D:6      | Found a runed translucent gate.
  6344 | D:6      | Found a runed translucent gate.
  6344 | D:6      | Found a runed translucent gate.
  6347 | D:6      | Noticed pesado's ghost (amateur GrEE)
  6347 | D:6      | Noticed Jase's ghost (novice OgGl)
  6378 | D:6      | Noticed Maggie
  6400 | D:6      | Killed Maggie
  6401 | D:6      | Reached skill level 5 in Dodging
  6863 | D:6      | Reached *** piety under Nemelex Xobeh
  6931 | D:6      | Found an ornate altar of the Wu Jian Council.
  7030 | D:6      | Reached skill level 8 in Axes
  7065 | D:6      | Received a gift from Nemelex Xobeh
  7273 | D:6      | Identified a scroll of acquirement
  7273 | D:6      | Acquired the ring "Recen" {Fire rElec rCorr Int-2 Stlth+}
  7555 | D:7      | Reached skill level 5 in Fighting
  7628 | D:7      | Found a runed translucent gate.
  7629 | D:7      | Noticed Iusername's ghost (novice MiFi)
  7630 | D:7      | Noticed a kobold demonologist
  7631 | D:7      | Found a runed translucent gate.
  7636 | D:7      | Found a runed translucent gate.
  7899 | D:7      | Found a snail-covered altar of Cheibriados.
  8045 | D:7      | Reached skill level 1 in Long Blades
  8110 | D:7      | Found a sacrificial altar of Ru.
  8214 | D:7      | Received a gift from Nemelex Xobeh
  8246 | D:7      | Found a hide-covered altar of Uskayaw.
  8479 | D:8      | Found a flagged portal.
  8500 | Bailey   | Entered a bailey
  8595 | Bailey   | Reached XP level 9. HP: 23/81 MP: 9/9
  8633 | Bailey   | HP: 2/81 [orc warrior/+0 spear (3)]
  8641 | Bailey   | Slain by an orc warrior

Illustrated notes

Levels and vault maps discovered:
D:1:      dpeg_arrival_houses_and_road, layout_basic, serial_bayou_crossing
D:2:      layout_basic, hellmonk_ecumenical_altar_slurped_away
D:3:      layout_loops_ring, nicolae_overflow_hidden_temple,
          cheibrodos_sewer_entry_bend
D:4:      layout_loops_cross, mainiacjoe_overflow_tiny_flanked, uniq_ijyb,
          uniq_grinder
D:5:      layout_cave_pools, kennysheep_little_box
D:6:      layout_loops_corners, nzn_wu_jian_council_hall,
          minmay_temple_entry_mini_moons, gammafunk_ghost_cemetery, uniq_maggie
D:7:      layout_rooms, amcnicky_altar_gilded, mainiacjoe_overflow_alcove_2,
          slow_altar_1, gammafunk_ghost_nasty_kobolds
D:8:      minmay_the_grid_triangle_9x9_rhombus_full
          [minmay_the_grid_triangle_9x9_cache,
          minmay_the_grid_triangle_9x9_stretched_checkered,
          minmay_the_grid_triangle_9x9_from_above,
          minmay_the_grid_triangle_9x9_impossible_snake,
          minmay_the_grid_triangle_9x9_checkered,
          minmay_the_grid_triangle_9x9_pentomino_pain,
          minmay_the_grid_triangle_9x9_limited_checkers,
          minmay_the_grid_triangle_9x9_prize_insulated], layout_basic,
          enter_bailey_3
Bailey:   bailey_polearm_elven_captive_hellmonk, bailey

Skill      XL: |  1  2  3  4  5  6  7  8 |
---------------+-------------------------+-----
Dodging        | 3 4 5 |  5.6
Axes           | 4 5 6 7 8 |  8.5
Fighting       | 3 4 5 |  5.6
Throwing       | 2 3 |  3.2
Stealth        | 1 2 3 |  3.3
Long Blades    | 2 |  2.9

Action                   |  1- 3 |  4- 6 |  7- 9 || total
-------------------------+-------+-------+-------++-------
Melee: War axe           |    87 |   110 |   160 ||   357
       Tailslap          |    11 |    13 |    24 ||    48
       Punch             |       |     4 |     3 ||     7
       Demon blade       |       |       |    57 ||    57
Throw: Dart              |       |    13 |    18 ||    31
       Throwing net      |       |     3 |       ||     3
       Javelin           |       |     1 |       ||     1
       Boomerang         |       |       |     1 ||     1
Invok: Draw Destruction  |     1 |     3 |       ||     4
       Draw Summoning    |       |       |     1 ||     1
Evoke: Wand              |       |       |     1 ||     1
  Use: Scroll            |     4 |     1 |    12 ||    17
       Potion            |     1 |     8 |     4 ||    13
 Stab: Sleeping          |       |     1 |     6 ||     7
Armor: Skin              |    32 |    51 |   130 ||   213
Dodge: Dodged            |    87 |   121 |   196 ||   404
